 Dungeon Crawl Stone Soup version 0.28.0-62-gf88900778d (webtiles) character file.

Game seed: 14110529604151324090

883 Froggeryz the Cutter (level 8, -8/57 HPs)
             Began as an Octopode Berserker on July 24, 2023.
             Was a Believer of Trog.
             Splashed by a jelly's acid (10 damage)
             ... on level 5 of the Dungeon.
             The game lasted 00:02:40 (3944 turns).

Froggeryz the Cutter (Octopode Berserker)           Turns: 3944, Time: 00:02:41

Health: -8/57      AC: -15   Str: 16    XL:     8   Next: 5%
Magic:  8/8        EV: 14    Int:  9    God:    Trog [**....]
Gold:   178        SH:  0    Dex: 14    Spells: 7/7 levels left

rFire   . . .      SeeInvis .   a - +0 short sword
rCold   . . .      Faith    .   (no shield)
rNeg    . . .      Spirit   .   (helmet restricted)
rPois   .          Reflect  .   (no amulet)
rElec   .          Harm     .   (no ring)
rCorr   .          Rampage  .   (no ring)
Will    .....                   (no ring)
Stlth   ++........              (no ring)
HPRegen 0.19/turn               (no ring)
MPRegen 0.11/turn               (no ring)
                                (no ring)
                                (no ring)

@: corroded
A: almost no armour, amphibious, 8 rings, camouflage 1, gelatinous body 1,
(nimble swimmer 1), tentacles
a: Renounce Religion, Berserk, Trog's Hand


You were on level 5 of the Dungeon.
You worshipped Trog.
Trog was pleased with you.
You visited 1 branch of the dungeon, and saw 5 of its levels.

You collected 178 gold pieces.

Inventory:

Hand Weapons
 a - a +0 short sword (weapon)
 k - a +0 rapier
Missiles
 m - 6 poisoned darts (quivered)
 o - 2 boomerangs
Wands
 e - a wand of digging (2)
 l - a wand of flame (20)
Scrolls
 c - 2 scrolls of vulnerability {unknown}
 d - a scroll of fog {unknown}
 f - 2 scrolls of blinking {unknown}
 g - 3 scrolls of identify {unknown}
 n - a scroll of amnesia {unknown}
Potions
 b - a potion of berserk rage
 h - a potion of heal wounds {unknown}
 i - a potion of resistance {unknown}
 j - a potion of might {unknown}
 p - a potion of lignification {unknown}


   Skills:
 + Level 5.9 Fighting
 * Level 7.8 Short Blades
 - Level 3.0 Dodging


You had 7 spell levels left.
You didn't know any spells.
Your spell library was empty.

Dungeon Overview and Level Annotations

Branches:
Dungeon (5/15)             Temple (0/1) D:4

Altars:
Hepliaklqana
Uskayaw

Shops:
D:1 [   D:3 (


Innate Abilities, Weirdness & Mutations

You cannot wear most types of armour.
You are amphibious.
You can wear up to eight rings at the same time.
Your skin changes colour to match your surroundings (Stealth+).
Your rubbery body absorbs attacks. (AC +1, EV +1)
((You are camouflaged when in or above water. (Stealth+)))
You have tentacles for arms and can constrict up to eight enemies at once.


Message History

The jelly is moderately wounded.
The jelly misses you.
You hit the jelly.
Your tentacles burn!
The jelly is heavily wounded.
You completely miss the jelly.
You squeeze the jelly, but do no damage.
The jelly is heavily wounded.
The jelly barely misses you.
You hit the jelly but do no damage.
Your tentacles burn!
The jelly is heavily wounded.
The jelly misses you.
You hit the jelly but do no damage.
Your tentacles burn!
The jelly is heavily wounded.
The jelly misses you.
You hit the jelly but do no damage. The acid corrodes you!
Your tentacles burn!
You squeeze the jelly, but do no damage.
The jelly is heavily wounded.
You hit the jelly but do no damage.
Your tentacles burn!
The jelly is heavily wounded.
The jelly barely misses you.
You hit the jelly. The acid corrodes you!
Your tentacles burn!
The jelly is heavily wounded.
The jelly barely misses you.
You hit the jelly.
Your tentacles burn!
You squeeze the jelly!
The jelly is almost dead.
The jelly misses you.
You hit the jelly. The acid corrodes you!
Your tentacles burn!
You squeeze the jelly, but do no damage.
The jelly is almost dead.
You hit the jelly but do no damage.
Your tentacles burn!
The jelly is almost dead.
The jelly hits you.
You are splashed with acid!
* * * LOW HITPOINT WARNING * * *
You hit the jelly but do no damage.
Your tentacles burn!
* * * LOW HITPOINT WARNING * * *
The jelly is almost dead.
The jelly hits you.
* * * LOW HITPOINT WARNING * * *
The acid corrodes you!
You are splashed with acid!
You die...

#..(...........#.....#
#..............#.....#
###############.###+###.##..##+#
..#...........#.###.###.##..#
..'..#........'...†...#.....#
..#>.+........#.......'.....#
..####........#####'####+####
### ########..............
#...@J......... #..............
#.[............ #..............
........######+# .........#
..[.......+ ..........#


You could see a jelly.

Vanquished Creatures
  Pikel (D:4)
  Sigmund (D:2)
  A bullfrog (D:4)
  A hound (D:4)
  A jelly (D:3)
  Crazy Yiuf (D:4)
  An iguana (D:5)
  A hound skeleton (D:4)
  2 adders
  An adder skeleton (D:4)
  4 worms
  2 dart slugs
  An orc (D:4)
  4 ball pythons
  4 bats
  5 endoplasms
  3 giant cockroaches
  8 goblins
  10 hobgoblins
  2 quokkas
  3 frilled lizards
  6 kobolds
  6 rats
69 creatures vanquished.

Notes
Turn   | Place    | Note
-------+----------+-------------------------------------------
     0 | D:1      | Froggeryz the Octopode Berserker began the quest for the
                  | Orb.
     0 | D:1      | Reached XP level 1. HP: 16/16 MP: 1/1
    43 | D:1      | Found a faded altar of an unknown god.
   307 | D:1      | Reached XP level 2. HP: 13/21 MP: 2/2
   991 | D:1      | Found Poerghai's Antique Armour Shop.
  1231 | D:2      | Noticed Sigmund
  1243 | D:2      | Killed Sigmund
  1244 | D:2      | Reached skill level 5 in Short Blades
  1244 | D:2      | Reached XP level 3. HP: 27/27 MP: 3/3
  1244 | D:2      | Reached XP level 4. HP: 33/33 MP: 4/4
  1244 | D:2      | Reached XP level 5. HP: 37/37 MP: 5/5
  1559 | D:2      | Reached ** piety under Trog
  1965 | D:3      | Reached XP level 6. HP: 38/44 MP: 6/6
  2277 | D:3      | Found Gaoteunaxi's Antique Weapon Emporium.
  2669 | D:4      | Found a staircase to the Ecumenical Temple.
  2886 | D:4      | Reached skill level 6 in Short Blades
  2935 | D:4      | Found a hide-covered altar of Uskayaw.
  2961 | D:4      | Found a hazy altar of Hepliaklqana.
  2963 | D:4      | Noticed Pikel
  3072 | D:4      | Killed Pikel
  3073 | D:4      | Reached skill level 5 in Fighting
  3073 | D:4      | Reached skill level 7 in Short Blades
  3073 | D:4      | Reached XP level 7. HP: 42/51 MP: 7/7
  3564 | D:4      | Found a runed translucent door.
  3565 | D:4      | Noticed Crazy Yiuf
  3720 | D:4      | Killed Crazy Yiuf
  3721 | D:4      | Reached XP level 8. HP: 57/57 MP: 8/8
  3765 | D:5      | Entered Level 5 of the Dungeon
  3944 | D:5      | HP: 2/57 [jelly (2)]
  3944 | D:5      | Splashed by a jelly's acid

Illustrated notes

Levels and vault maps discovered:
D:1:      ncdulo_watergridlock, layout_loops_corners, serial_shops,
          shop_fountains, shapermc_ecumenical_altar_ellora, feat_on_display
D:2:      layout_rooms, minmay_circle_x, uniq_sigmund
D:3:      layout_basic, serial_shops, shop_fountains
D:4:      layout_rooms, mainiacjoe_overflow_catch_the_wave,
          minmay_temple_entry_stoned_glass, uniq_pikel, uniq_crazy_yiuf_cottage
D:5:      layout_gridville, uniq_duvessa

Skill      XL: |  1  2  3  4  5  6 |
---------------+-------------------+-----
Fighting       | 4 5 |  5.9
Short Blades   | 5 7 |  7.8
Dodging        | |  3.0

Action                   |  1- 3 |  4- 6 |  7- 9 || total
-------------------------+-------+-------+-------++-------
Melee: Short sword       |    32 |    99 |    28 ||   159
       Constrict         |     5 |    26 |     2 ||    33
       Tentacles         |     6 |    25 |     8 ||    39
       Punch             |     1 |     3 |     1 ||     5
Invok: Berserk           |     1 |     1 |     1 ||     3
  Use: Scroll            |     1 |       |       ||     1
 Stab: Sleeping          |     6 |    10 |     1 ||    17
Armor: Skin              |     1 |     5 |       ||     6
Dodge: Dodged            |    16 |    44 |    12 ||    72
